Losesalot, chaotic male human Priest ^ --------- ----|---- #-.<.....| ----------- |.....[..##### ###|.......| #......`...| |.....^.| # |......^| ###|...``....| -------.- # -.--.--+- # |.....>``.| # # # ## # ### |..``.`.`.| # # # # # #.....``.`.| # #######(###%#####################/### ###|.`.`..`..| # #-------# # c ----------- --|--------- #|[.....# ##### #` #g@ |..........| #|..)..|%############ --|-- # |..........+#####%|../..|# ---.---- +...-#### |..........| #..`....# |......|# ###|...| |...........######|.....| |......|#######...{| |..........| ------- |......[##### |_..| |..........| |......| ----- ------------ -------- Losesalot the Adept Experience level: 9 Strength: 15 Dexterity: 11 Constitution: 17 Intelligence: 8 Wisdom: 18 Charisma: 8 Health: 0(84) Energy: 153(153) Def: 21 Gold: 685 Moves: 22416 Dungeon seed: JVZ1qxUWqRWY_frj Game ID: Losesalot_1521977041 Your Inventory: Coins $ - 685 gold pieces Amulets x - a cursed amulet of restful sleep Weapons L - an uncursed greased +1 flail Armor n - an uncursed +0 pair of leather gloves (being worn) q - a blessed +0 dwarvish iron helm (being worn) r - an uncursed +0 magical elven shield (being worn) B - an uncursed greased +1 robe (being worn) N - an uncursed +0 pair of low boots (being worn) Y - a blessed greased +3 gray dragon scale mail (being worn) Comestibles b - 9 uncursed lumps of royal jelly c - an uncursed clove of garlic d - an uncursed sprig of wolfsbane u - 2 uncursed food rations O - an uncursed female cockatrice corpse (weapon in hand) Scrolls F - 2 uncursed scrolls of teleportation T - an uncursed scroll of scare monster Spellbooks z - an uncursed spellbook of extra healing Potions D - an uncursed potion of invisibility H - an uncursed potion of water S - a potion of holy water Z - a blessed potion of healing Rings i - an uncursed +2 ring of searching (on left hand) U - an uncursed ring of shock immunity (on right hand) Wands f - an uncursed wand of digging (0:3) Tools g - an uncursed can of grease (0:20) o - an uncursed skeleton key p - an uncursed mirror v - an uncursed magic whistle y - an uncursed bag of holding G - an uncursed towel Q - an uncursed stethoscope Gems e - an uncursed luckstone Contents of the bag of holding: 2851 gold pieces a blessed thoroughly corroded +1 mace 2 uncursed C-rations an uncursed K-ration 2 uncursed tripe rations a blessed scroll of blank paper 3 uncursed scrolls of blank paper 2 cursed scrolls of blank paper 2 uncursed scrolls of create monster 2 uncursed scrolls of earth an uncursed spellbook of blank paper an uncursed spellbook of levitation an uncursed potion of confusion an uncursed potion of fruit juice an uncursed potion of object detection a potion of unholy water 2 uncursed potions of water a cursed -2 ring of adornment a cursed -10 ring of gain strength an uncursed ring of invisibility an uncursed ring of protection from shape changers an uncursed ring of regeneration a cursed ring of teleport control a cursed wand of cold (0:6) a cursed wand of sleep (0:7) Spells and supernatural/magical abilities: Spells marked with '*' are forgotten. Name Level Category Cost Memory a - force bolt 1* attack 12pw 0% f - fireball 4 attack 1000pw 44% l - light 1 divination 12pw 41% x - extra healing 3 healing 34pw 31% H - speed monster 3 escape 166pw 18% O - create monster 2 clerical 24pw 8% W - pray for help -- divine ? -- X - turn undead -- divine ? -- Your skills at the end: Fighting Skills wands [Basic] Weapon Skills mace [Skilled] flail [Skilled] Spellcasting Skills healing spells [Basic] clerical spells [Basic] Final Attributes: You were cold resistant. You were immune to electricity. You were poison resistant. You were magic resistant. You were level-drain resistant. You were cancelled. You saw invisible. You were telepathic. You had automatic searching. You were invisible. You were lucky. You had extra luck. Bad luck did not time out for you. Good luck did not time out for you. You last prayed 1769 turns ago. You are dead. Vanquished creatures: an arch-lich a nurse a ghost 2 queen bees a mind flayer 3 giant mimics a zruty a baby purple worm 2 stalkers a black naga 2 xorns a giant zombie a sergeant a warg 2 winter wolves a small mimic a glass piercer a xan an ettin mummy a quantum mechanic 2 sasquatches a djinni a pyrolisk a freezing sphere 2 flaming spheres a large cat a tiger a gargoyle a dwarf king a tengu 2 ochre jellies a mountain centaur 4 stone giants an elf mummy 2 cobras a wraith 4 leather golems 2 soldiers 2 chameleons 2 giant beetles a quivering blob 10 cockatrices 11 wolves a lynx 8 leprechauns 3 iron piercers 4 giant spiders a scorpion 2 ice vortices a black light 3 vampire bats 2 forest centaurs 7 gnome kings 2 orc mummies a dwarf mummy 2 brown puddings 3 owlbears a yeti a gold golem a werewolf 2 Green-elves 3 lizards 2 chickatrices 4 dogs 2 dingos 3 housecats 2 jaguars 7 dwarf lords 2 blue jellies 4 white unicorns 2 gray unicorns a dust vortex 3 ravens a plains centaur 4 gnome mummies a snake 6 apes a rope golem 5 Woodland-elves 5 soldier ants 4 fire ants 3 bugbears 2 quasits a wood nymph 2 water nymphs 4 mountain nymphs an Uruk-hai 3 orc shamans 2 rock piercers a rock mole a pony a fog cloud 5 yellow lights 5 shriekers 3 violet fungi 22 gnome lords 8 gnomish wizards a kobold mummy a black naga hatchling a guardian naga hatchling an elf zombie 2 ghouls a straw golem 2 paper golems a baby crocodile 9 giant ants 3 little dogs 6 floating eyes a kitten 23 dwarves a homunculus a kobold lord 3 kobold shamans 6 hill orcs 16 rothes a rabid rat a centipede 6 giant bats 2 monkeys 2 orc zombies 4 dwarf zombies 3 wererats 3 werejackals 3 iguanas 50 killer bees 3 acid blobs a coyote 5 gas spores 7 hobbits 9 manes 4 large kobolds 11 hobgoblins 8 giant rats 7 cave spiders 2 brown molds 3 yellow molds 5 green molds 2 red molds 66 gnomes 3 garter snakes 3 gnome zombies 9 geckos 7 jackals 8 kobolds 3 goblins 9 sewer rats 11 grid bugs 6 bats 10 lichens 2 kobold zombies 14 newts 624 creatures vanquished. Genocided species: liches demiliches master liches arch-liches rust monsters disenchanters vampires vampire lords 8 species genocided. Voluntary challenges: You had been an atheist until turn 1863. You used a wielded weapon 1360 times, starting on turn 257. You read items or engraved 71 times, starting on turn 928. You genocided 8 types of monsters, starting on turn 6113. You never polymorphed an object. You changed form 1 time, starting on turn 17423. You used 2 wishes, starting on turn 4447. You did not wish for any artifacts. You split 1 pudding, starting on turn 10227. You wrote Elbereth's name 1 time, starting on turn 22396. You violated your moral code, losing 101 points of alignment, starting on turn 15577. Dungeon overview: The Dungeons of Doom: levels 1 to 19 Level 1 a long staircase Level 2 a general store Level 3 a general store, some fountains Level 4 a fountain, a vault stairs to The Gnomish Mines Level 5 a vault Level 6 an altar to Loki, a sink, a vault Level 7 Level 8 a vault stairs to Sokoban Level 9 Level 10 Level 11 Level 12 a fountain Level 13 Level 14 a general store a magic portal Level 15 Level 16 a fountain, a vault Level 17 Level 18 a fountain Level 19 <- You were here an altar to Loki, a fountain The Gnomish Mines: levels 5 to 13 Level 5 stairs to The Dungeons of Doom Level 6 Level 7 Level 8 many shops, a temple to Tyr, some fountains Level 9 Level 10 Level 11 Level 12 Level 13 a fountain Sokoban: levels 4 to 7 Level 4 Level 5 Level 6 Level 7 Solved stairs to The Dungeons of Doom History has recorded: On T:1 you entered the Dungeons of Doom to retrieve the Amulet of Yendor! On T:330 you reached level 2 of The Dungeons of Doom. On T:515 you advanced to experience level 2. On T:787 you reached level 3 of The Dungeons of Doom. On T:1042 you advanced to experience level 3. On T:1100 you reached level 4 of The Dungeons of Doom. On T:1348 you reached level 1 of The Gnomish Mines. On T:1524 you reached level 5 of The Dungeons of Doom. On T:1744 you reached level 6 of The Dungeons of Doom. On T:1748 you advanced to experience level 4. On T:2164 you reached level 7 of The Dungeons of Doom. On T:2305 you reached level 9 of The Dungeons of Doom. On T:2307 you reached level 8 of The Dungeons of Doom. On T:2364 you advanced to experience level 5. On T:2762 you reached level 4 of Sokoban. On T:2982 you advanced to experience level 6. On T:3680 you reached level 2 of The Gnomish Mines. On T:3768 you advanced to experience level 7. On T:3892 you reached level 3 of The Gnomish Mines. On T:4055 you reached level 4 of The Gnomish Mines. On T:4447 you wished for "blessed greased +3 gray dragon scale mail". On T:4678 you reached level 5 of The Gnomish Mines. On T:4775 you reached level 6 of The Gnomish Mines. On T:4860 you advanced to experience level 8. On T:5270 you reached level 7 of The Gnomish Mines. On T:5929 you reached level 8 of The Gnomish Mines. On T:6066 you reached level 9 of The Gnomish Mines. On T:6094 you advanced to experience level 9. On T:6112 you wished for "3 blessed scrolls of genocide". On T:8754 you reached level 3 of Sokoban. On T:9598 you reached level 2 of Sokoban. On T:10350 you reached level 1 of Sokoban. On T:12155 you advanced to experience level 10. On T:12846 you reached level 10 of The Dungeons of Doom. On T:13107 you reached level 11 of The Dungeons of Doom. On T:13982 you reached level 12 of The Dungeons of Doom. On T:14322 you reached level 13 of The Dungeons of Doom. On T:14723 you reached level 14 of The Dungeons of Doom. On T:14907 you reached level 15 of The Dungeons of Doom. On T:15162 you advanced to experience level 11. On T:20918 you reached level 16 of The Dungeons of Doom. On T:21466 you reached level 17 of The Dungeons of Doom. On T:21751 you reached level 18 of The Dungeons of Doom. On T:21849 you reached level 19 of The Dungeons of Doom. Score breakdown: Gold: 3536 (12071 points) Experience: 9 levels (15756 points) Exploration: 19 levels ( 40.43%) (18766 points) Discoveries: 63 items ( 20.93%) (13724 points) Valuables value: (no points given unless you survive) Artifact value: 0 ( 0 points) Variety of kills: 151 monsters ( 39.74%) (18911 points) Turncount: 22416 turns (-3571 points) Survival: died (score multiplied by 80%) Total score: 60525 Latest messages: You hit the cockatrice! You hit the cockatrice. The cockatrice misses. (2x) You hit the cockatrice! You are now wielding your female cockatrice corpse. The winged gargoyle hits! The winged gargoyle misses. The winged gargoyle bites! The cockatrice misses. (2x) You begin bashing monsters with your female cockatrice corpse. You miss the winged gargoyle. The winged gargoyle hits! (2x) The winged gargoyle just misses! You hit the winged gargoyle with the female cockatrice corpse. The winged gargoyle hits! (2x) The winged gargoyle bites! The cockatrice just misses! The cockatrice touches you! The winged gargoyle hits! (2x) You die... Final status: Goodbye Losesalot the Priest, killed by a winged gargoyle... You died in The Dungeons of Doom on dungeon level 19 with 60525 points, and 3536 pieces of gold, after 22416 moves. You were level 9 with a maximum of 84 hit points when you died.